[Event "Early-Titled-Tuesday-Blitz-February-20-2024"]
[Site "Chess.com"]
[Date "2024.02.20"]
[Round "3"]
[White "The_Straightforward_Rook"]
[Black "lacafi"]
[Result "1-0"]
[WhiteElo "2486"]
[BlackElo "2205"]
[TimeControl "180+1"]
[EndTime "8:27:21 PST"]
[Termination "The_Straightforward_Rook won by resignation"]

1. Nf3 f5 2. e4 fxe4 3. Ng5 Nf6 4. d3 g6 5. Nc3 e6 6. Ngxe4 Bg7 7. Bg5 O-O 8. h4 Qe8 9. Bxf6 Bxf6 10. h5 d5 11. Nxf6+ Rxf6 12. hxg6 Qxg6 13. Qd2 Nc6 14.
Rh3 Qg7 15. O-O-O Ne7 16. d4 Ng6 17. Bd3 Nf4 18. Rg3 Ng6 19. Rh1 Kf7 20. Rgh3 Nf8 21.
Rxh7 Nxh7 22. Rxh7 Qxh7 23. Bxh7 Bd7 24. Bd3 Rh8 25.
Qe2 c6 26. Nd1 Rh4 27. c3 Rh2 28. Ne3 Rh1+ 29. Kc2 Rf4 30. Ng4 Ke7 31. Ne5 Kd6 32. g3 Rf8 33. b4 Rg1 34. Nf3 Rg2 35. Qf1 1-0

[Event "Early-Titled-Tuesday-Blitz-February-20-2024"]
[Site "Chess.com"]
[Date "2024.02.20"]
[Round "3"]
[White "Goffredo_Fofi"]
[Black "Christ_is_alive"]
[Result "1-0"]
[WhiteElo "2553"]
[BlackElo "2284"]
[TimeControl "180+1"]
[EndTime "8:27:23 PST"]
[Termination "Goffredo_Fofi won on time"]

1. e4 c5 2. d3 Nc6 3. g3 g6 4. Bg2 Bg7 5. f4 d6 6. Nf3 e6 7. O-O Nge7 8. c3 O-O 9. Be3 Rb8 10. Bf2 f5 11. Nbd2 b5 12. d4 b4 13. e5 bxc3 14. bxc3 dxe5 15. dxe5 Qd3 16. Qc1 Nd5 17. Bxc5 Nxc3 18.
Kh1 Rd8 19. Bd6 Rxd6 20. exd6 Qxd6 21. Nc4 Qc5 22. Nce5 Bb7 23. Nd7 Qd5 24. Nxb8 Nxb8 25. Qc2 Na6 26. Qb3 Qc6 27. Nh4 Bd4 28. Bxc6 Bxc6+ 29.
Nf3 Nc5 30. Qc4 1-0

[Event "Early-Titled-Tuesday-Blitz-February-20-2024"]
[Site "Chess.com"]
[Date "2024.02.20"]
[Round "3"]
[White "Saxar85"]
[Black "dimoni64"]
[Result "1-0"]
[WhiteElo "2718"]
[BlackElo "2098"]
[TimeControl "180+1"]
[EndTime "8:27:23 PST"]
[Termination "Saxar85 won by checkmate"]

1. e4 c5 2. Nf3 d6 3. Bb5+ Bd7 4. c4 a6 5. Bxd7+ Qxd7 6. Nc3 Nc6 7. O-O g6 8. d4 cxd4 9. Nxd4 Bg7 10. Be3 Nf6 11. f3 O-O 12. Rc1 Rac8 13. Na4 Nxd4 14. Bxd4 Qc6 15. Nb6 Rc7 16. Kh1 Nd7 17. Nd5 Ne5 18. Nxc7 Qxc7 19. c5 dxc5 20. Bxc5 Rd8 21. Qc2 Rc8 22.
Qb3 b5 23. a4 Nc4 24. Bf2 Qb7 25. axb5 axb5 26. Rfd1 Bxb2 27. Rxc4 Rxc4 28. Qxb2 b4 29. Rd8# 1-0

[Event "Early-Titled-Tuesday-Blitz-February-20-2024"]
[Site "Chess.com"]
[Date "2024.02.20"]
[Round "3"]
[White "ShieldingOff"]
[Black "WilsonPalencia21"]
[Result "0-1"]
[WhiteElo "2151"]
[BlackElo "2542"]
[TimeControl "180+1"]
[EndTime "8:27:24 PST"]
[Termination "WilsonPalencia21 won on time"]

1. d4 Nf6 2. c4 c5 3. d5 e6 4. Nc3 exd5 5. cxd5 d6 6. e4 g6 7. Nf3 a6 8. a4 Bg7 9. Bd3 Bg4 10. h3 Bxf3 11. Qxf3 Nfd7 12. Qg3 Qe7 13. O-O O-O 14. Bf4 Ne5 15. Bc2 Nbd7 16. Rfe1 h6 17. a5 g5 18. Bc1 Ng6 19. f4 Bd4+ 20. Kh1 gxf4 21.
Bxf4 Be5 22. Rf1 Kh7 23. Ne2 Rg8 24. Bxe5 Ndxe5 25. Qf2 Qg5 26. Ra3 Qd2 27. Bb1 Qxb2 28. Rg3 Rg7 0-1

[Event "Early-Titled-Tuesday-Blitz-February-20-2024"]
[Site "Chess.com"]
[Date "2024.02.20"]
[Round "3"]
[White "pauliukevicius"]
[Black "ural58"]
[Result "0-1"]
[WhiteElo "2316"]
[BlackElo "2520"]
[TimeControl "180+1"]
[EndTime "8:27:28 PST"]
[Termination "ural58 won by checkmate"]

1. e4 d5 2. exd5 Qxd5 3. d4 Nc6 4. Be3 e5 5. c4 Qa5+ 6. Nc3 exd4 7. Bxd4 Nxd4 8.
Qxd4 Be6 9. Nf3 Rd8 10. Qe4 Bb4 11. Qc2 Bxc3+ 12. bxc3 Ne7 13. Bd3 Bf5 14. Bxf5 Qxf5 15. Qxf5 Nxf5 16. O-O O-O 17. Rab1 b6 18. c5 Rd3 19. cxb6 axb6 20. Rfc1 Ra8 21. Rc2 f6 22. h3 Kf7 23. c4 Ra5 24. Ne1 Rda3 25.
Rbb2 Rc5 26. Rb5 Nd4 27. Rxc5 bxc5 28. Rb2 Ke6 29. g3 Rc3 30. Ng2 Rxc4 31. Ne3 Rc1+ 32. Kg2 Ra1 33. Rb7 Kd7 34. Ra7 Nc6 35. Ra6 Nb4 36.
Ra5 Rxa2 37. Rxc5 Rxf2+ 38. Kg1 Rf3 39. Nf5 g6 40. Nd4 Rxg3+ 41. Kh2 Rd3 42. Nb5 Nc6 43. Rc4 Rb3 44. Nc3 Ne5 45. Rc5 c6 46. Ne4 Ke6 47. Rc2 Ra3 48. Nc5+ Kd5 49. Nd7 Ke6 50. Nc5+ Kd5 51.
Nd7 Nxd7 52. Rd2+ Ke6 53. Re2+ Ne5 54. Rd2 f5 55. Rb2 g5 56. Kg2 h5 57. Rb8 g4 58.
Re8+ Kf6 59. h4 f4 60. Rh8 Ra2+ 61. Kf1 g3 62. Rxh5 g2+ 63. Kg1 Nf3# 0-1

[Event "Early-Titled-Tuesday-Blitz-February-20-2024"]
[Site "Chess.com"]
[Date "2024.02.20"]
[Round "3"]
[White "RedFirePanda"]
[Black "Nechitaylo_Nikita"]
[Result "0-1"]
[WhiteElo "2570"]
[BlackElo "2357"]
[TimeControl "180+1"]
[EndTime "8:27:32 PST"]
[Termination "Nechitaylo_Nikita won by checkmate"]

1. d4 Nf6 2. Bf4 e6 3. e3 d5 4. c3 Bd6 5. Bxd6 Qxd6 6. Nf3 c5 7. Nbd2 Nc6 8. Be2 O-O 9. O-O e5 10. dxe5 Nxe5 11. Nxe5 Qxe5 12. Nf3 Qe7 13. Qc2 Bg4 14.
Rad1 Rad8 15. c4 Qe4 16. Bd3 Qe6 17. Be2 Bf5 18. Qb3 d4 19. Rfe1 dxe3 20. fxe3 Ng4 21.
Rxd8 Rxd8 22. Bf1 Be4 23. Ng5 Qe5 24. Nxe4 Qxh2# 0-1

[Event "Early-Titled-Tuesday-Blitz-February-20-2024"]
[Site "Chess.com"]
[Date "2024.02.20"]
[Round "3"]
[White "abeljusto"]
[Black "dealshark"]
[Result "0-1"]
[WhiteElo "2077"]
[BlackElo "2367"]
[TimeControl "180+1"]
[EndTime "8:27:32 PST"]
[Termination "dealshark won by checkmate"]

1. d4 Nf6 2. Bf4 d5 3. e3 Bf5 4.
c4 e6 5. Qb3 Qc8 6. Nc3 c6 7.
Nf3 Be7 8. h3 Nbd7 9. cxd5 exd5 10. Be2 O-O 11. O-O Re8 12. Rac1 Nb6 13. a4 Qd7 14.
Ne5 Qc8 15. a5 Nbd7 16. g4 Bg6 17. g5 Ne4 18. Rfd1 Nxe5 19. dxe5 Qxh3 20. Qxb7 Bxg5 21. Bh2 Nxc3 22. Rxc3 Be4 23. Bf1 Qg4+ 24. Bg3 Qf3 25. Bh3 Qh1# 0-1

[Event "Early-Titled-Tuesday-Blitz-February-20-2024"]
[Site "Chess.com"]
[Date "2024.02.20"]
[Round "3"]
[White "DavidGavrilescu18"]
[Black "CristianS27"]
[Result "1-0"]
[WhiteElo "2768"]
[BlackElo "2562"]
[TimeControl "180+1"]
[EndTime "8:27:34 PST"]
[Termination "DavidGavrilescu18 won on time"]

1. e4 e5 2. Bc4 Nf6 3. Nc3 Nc6 4. d3 Bc5 5. f4 d6 6. Nf3 Bg4 7. Na4 Bb6 8. Nxb6 axb6 9. c3 O-O 10. O-O exf4 11.
Bxf4 d5 12. exd5 Nxd5 13. Bxd5 Qxd5 14. Bxc7 Rxa2 15. Rxa2 Qxa2 16. h3 Bh5 17. Qd2 b5 18.
Ng5 Re8 19. Ne4 Qd5 20. Ng3 Bg6 21. d4 b4 22. Kh2 bxc3 23. bxc3 h5 24. Qf4 Qc4 25. Rf3 Re1 26. Qg5 Qa2 27. d5 h4 28.
Nf5 Qb1 29. Nxh4 Rh1+ 30. Kg3 Qe1+ 31. Rf2 Qxc3+ 32. Nf3 Nd4 33. Be5 Ne2+ 34. Rxe2 1-0

[Event "Early-Titled-Tuesday-Blitz-February-20-2024"]
[Site "Chess.com"]
[Date "2024.02.20"]
[Round "3"]
[White "regenda"]
[Black "kleopl"]
[Result "0-1"]
[WhiteElo "2232"]
[BlackElo "2546"]
[TimeControl "180+1"]
[EndTime "8:27:35 PST"]
[Termination "kleopl won by checkmate"]

1. e4 c5 2. Be2 d5 3. exd5 Qxd5 4. Nf3 Nc6 5. Na3 Bg4 6. O-O Nf6 7. d4 cxd4 8. Nb5 O-O-O 9. Nbxd4 Nxd4 10. Nxd4 Qxd4 11.
Qe1 e6 12. Be3 Qa4 13. b3 Qc6 14. f3 Bc5 15. Bb5 Bxe3+ 16. Qxe3 Qxb5 17. fxg4 Qb6 18. Qxb6 axb6 19. g5 Ne4 20. Rxf7 Rd7 21. Raf1 Nxg5 22. Rxd7 Kxd7 23. h4 Ne4 24. Rf7+ Kc6 25. Rxg7 h5 26.
Kh2 Nf6 27. Rg6 Ng4+ 28. Kg3 Kd6 29. Kf4 Rf8+ 30. Kg5 Rf5# 0-1

[Event "Early-Titled-Tuesday-Blitz-February-20-2024"]
[Site "Chess.com"]
[Date "2024.02.20"]
[Round "3"]
[White "DeArron_Fox"]
[Black "bancsoo"]
[Result "0-1"]
[WhiteElo "2509"]
[BlackElo "2900"]
[TimeControl "180+1"]
[EndTime "8:27:39 PST"]
[Termination "bancsoo won by resignation"]

1. d4 d5 2. c4 e6 3. Nc3 Nf6 4. cxd5 exd5 5. Bg5 c6 6. e3 Bf5 7. Qf3 Bg6 8. Bxf6 Qxf6 9. Qxf6 gxf6 10. Kd2 a5 11. Bd3 a4 12. a3 b5 13. Nge2 Nd7 14.
h4 Nb6 15. Nf4 Nc4+ 16. Bxc4 dxc4 17. g4 h6 18. Nxg6 fxg6 19. h5 g5 20. Ne4 Be7 21.
Ng3 Rh7 22. Nf5 Bf8 23. f4 gxf4 24. exf4 Kd7 25. Rae1 Rh8 26. Re2 Rg8 27. Rg1 b4 28. axb4 Bxb4+ 29. Kc2 a3 30. bxa3 Rxa3 31. Reg2 Rga8 32.
Nxh6 Rc3+ 33. Kb2 Rb3+ 34. Kc1 Ra1+ 35. Kc2 Ra2+ 36. Kc1 Ba3+ 0-1

[Event "Early-Titled-Tuesday-Blitz-February-20-2024"]
[Site "Chess.com"]
[Date "2024.02.20"]
[Round "3"]
[White "LiamPutnam2008"]
[Black "krzysztofszczurek"]
[Result "1-0"]
[WhiteElo "2792"]
[BlackElo "2490"]
[TimeControl "180+1"]
[EndTime "8:27:39 PST"]
[Termination "LiamPutnam2008 won by resignation"]

1. e4 c5 2. Nc3 a6 3. f4 b5 4. Nf3 Bb7 5. d3 g6 6. Be3 d6 7.
g3 Nf6 8. Bg2 Bg7 9. h3 O-O 10.
O-O Nbd7 11. Qe1 Rc8 12. g4 c4 13. Qh4 e5 14. f5 cxd3 15. g5 b4 16. gxf6 Bxf6 17.
Ng5 Bxg5 18. Bxg5 f6 19. Bh6 bxc3 20. fxg6 hxg6 21. bxc3 Rf7 22. Qg4 Kh7 23. Qh4 Kg8 24.
Rab1 Ba8 25. cxd3 Rxc3 26. Qg3 Kh7 27. Bd2 Rc2 28. Rf2 Rxa2 29. Bf3 Nf8 30. h4 Ra3 31. Be2 Rg7 32. Rbf1 Nd7 33. Kh2 Ra2 34. Bg4 d5 35. h5 gxh5 36. Qh4 Kg8 37. Be6+ Kf8 38.
Bb4+ Ke8 39. Qxh5+ 1-0

[Event "Early-Titled-Tuesday-Blitz-February-20-2024"]
[Site "Chess.com"]
[Date "2024.02.20"]
[Round "3"]
[White "Zurability"]
[Black "ChessLover0108"]
[Result "0-1"]
[WhiteElo "2735"]
[BlackElo "2968"]
[TimeControl "180+1"]
[EndTime "8:27:40 PST"]
[Termination "ChessLover0108 won by resignation"]

1. e4 c5 2. Nf3 d6 3. c3 Nf6 4. Bd3 Nc6 5. h3 g6 6. O-O Bg7 7. Bc2 e5 8. Re1 O-O 9. d3 d5 10. Nbd2 d4 11. Ba4 dxc3 12. Nc4 c2 13. Qd2 Nd4 14. Nfxe5 b5 15. Bxb5 Nxb5 16. Qxc2 Nd4 17.
Qd1 Nd7 18. Nxd7 Bxd7 19. Be3 Be6 20. Rc1 Qd7 21. b3 Rfd8 22. f4 Rac8 23. Rf1 Nb5 24.
Qf3 Qxd3 25. f5 Nd4 26. Qf2 Bxc4 27. Rxc4 Qxe4 28. fxg6 fxg6 0-1

[Event "Early-Titled-Tuesday-Blitz-February-20-2024"]
[Site "Chess.com"]
[Date "2024.02.20"]
[Round "3"]
[White "artooon"]
[Black "djano"]
[Result "1-0"]
[WhiteElo "3047"]
[BlackElo "2678"]
[TimeControl "180+1"]
[EndTime "8:27:40 PST"]
[Termination "artooon won by resignation"]

1. e4 c5 2. Nf3 Nc6 3. d4 cxd4 4.
Nxd4 g6 5. Nc3 Bg7 6. Be3 Nf6 7.
Nxc6 bxc6 8. e5 Ng8 9. f4 f6 10. Bd4 fxe5 11. fxe5 Nh6 12. e6 O-O 13. exd7 Qxd7 14.
Bc4+ Kh8 15. Bxg7+ Kxg7 16. Qxd7 Bxd7 17. O-O-O Bg4 18. Rde1 Rae8 19. Ne4 Bf5 20. Nc5 e5 21. h3 Bc8 22. g4 Rf2 23. Nd3 Rg2 24. Nxe5 c5 25. Re3 Bb7 26. Rhe1 Rh2 27. Nd3 Rxe3 28. Rxe3 Bg2 29. Nf4 Kf6 30. Re2 Rh1+ 31. Kd2 Bb7 32. Ne6 Nf7 33. Nxc5 Nd6 34. Re6+ Kg5 35. Rxd6 1-0

[Event "Early-Titled-Tuesday-Blitz-February-20-2024"]
[Site "Chess.com"]
[Date "2024.02.20"]
[Round "3"]
[White "conformalfunction"]
[Black "Sanyura"]
[Result "0-1"]
[WhiteElo "2373"]
[BlackElo "2607"]
[TimeControl "180+1"]
[EndTime "8:27:40 PST"]
[Termination "Sanyura won on time"]

1. e4 c6 2. d4 d5 3. e5 Bf5 4. Bd3 Bxd3 5. Qxd3 Qa5+ 6. c3 e6 7. Ne2 c5 8. Nd2 cxd4 9. Nxd4 Nc6 10. f4 Nxd4 11.
cxd4 Ne7 12. O-O Nf5 13. a3 Nxd4 14. Kh1 Qb6 15. b4 Be7 16. Bb2 Nf5 17. g4 Ne3 18. Rf3 Nxg4 19. Bd4 Qc6 20. f5 exf5 21. Rg1 g6 22. h3 Nh6 23. e6 f6 24. Qe3 g5 25.
Nb3 f4 26. Qd2 Nf5 27. Bb2 d4 28. Rf1 Rd8 0-1

[Event "Early-Titled-Tuesday-Blitz-February-20-2024"]
[Site "Chess.com"]
[Date "2024.02.20"]
[Round "3"]
[White "sotochess"]
[Black "Bkmzzzzz"]
[Result "1-0"]
[WhiteElo "2625"]
[BlackElo "2413"]
[TimeControl "180+1"]
[EndTime "8:27:41 PST"]
[Termination "sotochess won by resignation"]

1. e4 d6 2. d4 Nf6 3. Nc3 e5 4. Nge2 Be7 5. f3 O-O 6. Be3 exd4 7. Qxd4 Nc6 8. Qd2 a6 9. O-O-O b5 10. Kb1 b4 11. Nd5 Nxd5 12. exd5 Ne5 13. Qxb4 Bd7 14.
Qc3 Rb8 15. Nf4 c5 16. dxc6 Bxc6 17. Nd5 Bxd5 18. Rxd5 Bf6 19. Bd4 Re8 20. Bxa6 Qd7 21.
Rd1 Qa4 22. Ra5 Qd7 23. b3 Nc6 24. Bxf6 Nxa5 25. Bxg7 Ra8 26. Bh6 f6 27. Bd3 Qa7 28. Qxf6 Rec8 29. Bf5 Re8 30. Be6+ Rxe6 31. Qxe6+ Kh8 32.
Qxd6 Nc4 33. Qf6+ Kg8 34. Qg5+ Kh8 35. Qf6+ Kg8 36. Rd8+ Rxd8 37. Qxd8+ Kf7 38. Qd5+ Kg6 39. Qe6+ Kh5 40. g4+ Kh4 41. Qxc4 Qg1+ 42. Bc1 Kh3 43. Qf4 h5 44. Qg3+ 1-0

[Event "Early-Titled-Tuesday-Blitz-February-20-2024"]
[Site "Chess.com"]
[Date "2024.02.20"]
[Round "3"]
[White "Rakhmanov_Aleksandr"]
[Black "JiaHaoxiang"]
[Result "1-0"]
[WhiteElo "2874"]
[BlackElo "2620"]
[TimeControl "180+1"]
[EndTime "8:27:42 PST"]
[Termination "Rakhmanov_Aleksandr won by checkmate"]

1. c4 c5 2. Nc3 Nf6 3. Nf3 b6 4. g3 Bb7 5. Bg2 e6 6. O-O Be7 7. d4 cxd4 8. Qxd4 d6 9. Bg5 Nbd7 10. Nb5 Qb8 11. Rfd1 e5 12. Nxd6+ Bxd6 13. Qxd6 Qxd6 14. Rxd6 Ne4 15. Rdd1 Nxg5 16. Nxg5 Bxg2 17. Kxg2 Ke7 18. Nxf7 Rhc8 19. Nd6 Rc6 20. Nf5+ Kf6 21. Rxd7 Kxf5 22. b3 Kf6 23. Rad1 h6 24. Rb7 a6 25. Rdd7 g6 26. a4 Rf8 27. Rbc7 Re6 28. e4 Kg5 29. h4+ Kh5 30. Rf7 Rf6 31. Rxf8 Rxf8 32. Rc6 Rb8 33. Kh3 g5 34. g4# 1-0

[Event "Early-Titled-Tuesday-Blitz-February-20-2024"]
[Site "Chess.com"]
[Date "2024.02.20"]
[Round "3"]
[White "ShazilTheGOAT2006"]
[Black "VitaliyBernadskiy"]
[Result "0-1"]
[WhiteElo "2626"]
[BlackElo "2875"]
[TimeControl "180+1"]
[EndTime "8:27:45 PST"]
[Termination "VitaliyBernadskiy won by resignation"]

1. e4 c5 2. Nf3 d6 3. Bb5+ Nd7 4. Ba4 Nf6 5. O-O e6 6. c4 Be7 7. Nc3 O-O 8. d4 cxd4 9. Qxd4 a6 10. Rd1 Qa5 11. Rb1 Qh5 12. h3 Rb8 13. Be3 b5 14.
cxb5 axb5 15. Bc2 b4 16. Ne2 Qa5 17. Ra1 Ba6 18. Ng3 Rfc8 19. Bd3 e5 20. Qa7 Ra8 21.
Bxa6 Rxa7 22. Bxc8 Rc7 23. Nf5 Bf8 24. Rac1 Nc5 25.
Bxc5 Rxc5 26. Bb7 Qc7 27. Rxc5 dxc5 28. Bd5 c4 29. Ne3 c3 30. bxc3 bxc3 31. Rc1 Ba3 32. Rc2 Bb2 33. Ne1 Nxd5 34. Nxd5 Qc4 35. f3 h5 36. Kf2 Kh7 37. h4 f5 38. Ke3 Qd4+ 39. Ke2 fxe4 40. fxe4 Qxe4+ 41. Ne3 Qxh4 42. Nd3 Qd4 43.
Nf5 Qe4+ 44. Ne3 Qd4 45. a4 e4 46. Nxb2 cxb2 0-1

[Event "Early-Titled-Tuesday-Blitz-February-20-2024"]
[Site "Chess.com"]
[Date "2024.02.20"]
[Round "3"]
[White "falzehope0"]
[Black "Dinosaurio_1975"]
[Result "0-1"]
[WhiteElo "2404"]
[BlackElo "2612"]
[TimeControl "180+1"]
[EndTime "8:27:45 PST"]
[Termination "Dinosaurio_1975 won by resignation"]

1. d4 d5 2. e3 Nf6 3. Bd3 e6 4. f4 c5 5. c3 cxd4 6. exd4 Bd6 7. Nf3 Ne4 8. O-O O-O 9. Ne5 f5 10. Nd2 Nc6 11. Qe2 Bd7 12. g4 Nxe5 13. fxe5 Be7 14.
gxf5 exf5 15. Nf3 Be6 16. Qg2 f4 17. Nd2 Nxd2 18. Bxd2 Qd7 19. Rxf4 Rxf4 20. Bxf4 Rf8 21. Bh6 Bh4 22. Be3 Bh3 23. Qd2 Qg4+ 24. Kh1 Qf3+ 25.
Kg1 Qg4+ 26. Kh1 Bf2 27. Qxf2 Rxf2 28. Bxh7+ Kxh7 29. Rg1 Bg2+ 0-1

[Event "Early-Titled-Tuesday-Blitz-February-20-2024"]
[Site "Chess.com"]
[Date "2024.02.20"]
[Round "3"]
[White "Heinza9"]
[Black "SergioMoralesG"]
[Result "0-1"]
[WhiteElo "2300"]
[BlackElo "2562"]
[TimeControl "180+1"]
[EndTime "8:27:46 PST"]
[Termination "SergioMoralesG won on time"]

1. e4 c5 2. Nf3 e6 3. b3 Nc6 4. Bb2 a6 5. c4 Nf6 6. e5 Ng4 7.
h3 Nh6 8. Bd3 Be7 9. O-O O-O 10.
Qe2 f6 11. Qe4 f5 12. Qe2 Nf7 13. Na3 b6 14. Rae1 Bb7 15. Bb1 Kh8 16. Nc2 Rg8 17.
d4 cxd4 18. Ncxd4 Qc7 19. a3 Nh6 20. b4 Raf8 21. h4 Nxd4 22. Bxd4 g5 23. hxg5 Bxg5 24.
Nxg5 Rxg5 25. f3 Rfg8 26. Rf2 Qc6 27. c5 b5 28. Kf1 Rh5 29. Kg1 Nf7 30. Rd1 Ng5 31.
Bxf5 Nxf3+ 32. Rxf3 Qxf3 33. Qxf3 Bxf3 34. Rd3 Rxf5 0-1

[Event "Early-Titled-Tuesday-Blitz-February-20-2024"]
[Site "Chess.com"]
[Date "2024.02.20"]
[Round "3"]
[White "dosto07"]
[Black "Chemim21"]
[Result "1-0"]
[WhiteElo "2499"]
[BlackElo "2223"]
[TimeControl "180+1"]
[EndTime "8:27:46 PST"]
[Termination "dosto07 won on time"]

1. e4 e6 2. d4 d5 3. Nd2 dxe4 4. Nxe4 Qd5 5. Nc3 Bb4 6. Nf3 Nf6 7. Bd3 Ne4 8. O-O Nxc3 9. bxc3 Bxc3 10. Rb1 Qxa2 11. Rb3 Qa5 12. Ba3 Nc6 13. d5 exd5 14. Qe2+ Be6 15. Bb5 O-O-O 16. Bxc6 bxc6 17. Rfb1 Bf6 18. Ne5 Bxe5 19. Qxe5 Kd7 20. Rb7 Rc8 21. Qd6+ 1-0

[Event "Early-Titled-Tuesday-Blitz-February-20-2024"]
[Site "Chess.com"]
[Date "2024.02.20"]
[Round "3"]
[White "Schachmalanders"]
[Black "bescmelasti"]
[Result "0-1"]
[WhiteElo "2454"]
[BlackElo "2658"]
[TimeControl "180+1"]
[EndTime "8:27:47 PST"]
[Termination "bescmelasti won by resignation"]

1. e4 c5 2. Nc3 e6 3. g3 Nc6 4.
Bg2 g6 5. Nge2 Bg7 6. d3 Nge7 7. Be3 d6 8. Qd2 h5 9. d4 cxd4 10. Nxd4 a6 11. O-O-O Ne5 12. Qe2 Qc7 13. f4 Nc4 14.
Ndb5 axb5 15. Nxb5 Bxb2+ 16. Kb1 Na3+ 17. Kxb2 Nxb5 18. Qxb5+ Bd7 19. Qb6 Qc4 20. Qb3 Qa6 21. f5 O-O 22. f6 Nc6 23. Rxd6 Qe2 24. Bh3 Na5 25. Qd3 Nc4+ 26. Kc3 Ra3+ 27. Kxc4 Rxd3 28. Rxd3 Rc8+ 29. Kd4 Bb5 30. Rhd1 Bxd3 31. Rxd3 Rd8+ 32. Kc3 Rxd3+ 33. cxd3 Qxe3 0-1

[Event "Early-Titled-Tuesday-Blitz-February-20-2024"]
[Site "Chess.com"]
[Date "2024.02.20"]
[Round "3"]
[White "PavelChernomordik"]
[Black "manitodeplomo"]
[Result "1-0"]
[WhiteElo "2452"]
[BlackElo "2633"]
[TimeControl "180+1"]
[EndTime "8:27:48 PST"]
[Termination "PavelChernomordik won on time"]

1. e4 c5 2. Nc3 Nc6 3. Bb5 Na5 4. f4 a6 5. Be2 b5 6. Nf3 e6 7. d4 cxd4 8. Nxd4 Bb7 9. Bf3 Rc8 10. O-O Ne7 11. e5 Qb6 12. Be3 Bxf3 13. Qxf3 Qb7 14. Ne4 Nd5 15. f5 Nc4 16. Bf2 Nxe5 17. Qg3 Nc6 18.
Rae1 Nxd4 19. Bxd4 f6 20. fxe6 dxe6 21. Nd6+ Bxd6 22.
Qxd6 Nc7 23. Bc5 Kf7 24. Qe7+ Kg8 25. Rxe6 Qc6 26. Rxc6 1-0

[Event "Early-Titled-Tuesday-Blitz-February-20-2024"]
[Site "Chess.com"]
[Date "2024.02.20"]
[Round "3"]
[White "Statham_01"]
[Black "Karina_Ivanova"]
[Result "1-0"]
[WhiteElo "2552"]
[BlackElo "2282"]
[TimeControl "180+1"]
[EndTime "8:27:48 PST"]
[Termination "Statham_01 won by checkmate"]

1. e4 e6 2. d4 d5 3. Nc3 dxe4 4. Nxe4 Nd7 5. Nf3 Ngf6 6. Bg5 Be7 7. Bxf6 Nxf6 8.
Bd3 Nxe4 9. Bxe4 c5 10. Qe2 O-O 11. O-O-O Qa5 12. Kb1 Rb8 13. h4 cxd4 14. Rxd4 Bf6 15.
Rd3 b6 16. Ng5 g6 17. Nxh7 Kxh7 18. h5 Kg7 19. hxg6 fxg6 20. f4 Ba6 21. Rd7+ Rf7 22. Qg4 Bg5 23. Rxf7+ Kxf7 24. Rh7+ Kg8 25. Qxe6+ Kxh7 26. Qxg6+ Kh8 27. Qh7# 1-0

[Event "Early-Titled-Tuesday-Blitz-February-20-2024"]
[Site "Chess.com"]
[Date "2024.02.20"]
[Round "3"]
[White "aistrel"]
[Black "marsofsilva"]
[Result "0-1"]
[WhiteElo "2523"]
[BlackElo "2193"]
[TimeControl "180+1"]
[EndTime "8:27:48 PST"]
[Termination "marsofsilva won by checkmate"]

1. d4 d5 2. Bf4 Nf6 3. e3 e6 4.
Nc3 a6 5. g4 c5 6. g5 Nfd7 7.
h4 Nc6 8. Nf3 b5 9. a3 Bb7 10.
h5 b4 11. axb4 cxb4 12. Na4 Nb6 13. Bd3 Nxa4 14. Rxa4 Bd6 15. Qe2 Bxf4 16. exf4 Qb6 17. c3 bxc3 18. bxc3 Rc8 19. O-O a5 20. g6 hxg6 21.
hxg6 Qc7 22. Ng5 Nd8 23. gxf7+ Kf8 24. Qe3 g6 25. Bxg6 Rh4 26. Qxe6 Nxe6 27. Nxe6+ Ke7 28.
f8=Q+ Rxf8 29. Nxc7 Rg4+ 30. Kh2 Rh8+ 31. Bh5 Rxh5# 0-1

[Event "Early-Titled-Tuesday-Blitz-February-20-2024"]
[Site "Chess.com"]
[Date "2024.02.20"]
[Round "3"]
[White "wonderfultime"]
[Black "Korchmar_Vasiliy"]
[Result "1-0"]
[WhiteElo "3070"]
[BlackElo "2770"]
[TimeControl "180+1"]
[EndTime "8:27:50 PST"]
[Termination "wonderfultime won by resignation"]

1. d4 d5 2. Nf3 Nf6 3. Bf4 Bf5 4.
c4 e6 5. Qb3 Nc6 6. e3 Bxb1 7.
Rxb1 Bb4+ 8. Kd1 Ne4 9. Bg3 dxc4 10. Bxc4 O-O 11. Bd3 Nf6 12. Ke2 Rb8 13. Rhd1 Bd6 14. Rbc1 Qe7 15. Bb1 e5 16. d5 Na5 17. Qc2 e4 18. Nd2 Rfe8 19. Bxd6 Qxd6 20. Qxc7 Qxd5 21. Rc5 Qe6 22. Rxa5 Qg4+ 23. Ke1 Qxg2 24. Qg3 Qxg3 25. hxg3 a6 26. Ra4 b5 27. Rd4 1-0

[Event "Early-Titled-Tuesday-Blitz-February-20-2024"]
[Site "Chess.com"]
[Date "2024.02.20"]
[Round "3"]
[White "snowlord"]
[Black "Tocras"]
[Result "0-1"]
[WhiteElo "2892"]
[BlackElo "2711"]
[TimeControl "180+1"]
[EndTime "8:27:51 PST"]
[Termination "Tocras won by resignation"]

1. d4 Nf6 2. c4 b6 3. f3 Nc6 4.
Nc3 d5 5. cxd5 Nxd5 6. Qa4 Bb7 7.
e4 Nxc3 8. bxc3 Qd7 9. d5 Na5 10. Qd4 O-O-O 11. Rb1 e6 12. Bb5 Qd6 13. c4 c6 14. Ba4 cxd5 15. cxd5 exd5 16. Ne2 dxe4 17. Qc3+ Qc5 18. Bf4 exf3 19. gxf3 Qxc3+ 20. Nxc3 Bxf3 21. Rf1 Bc6 22. Bg3 f6 23. Bxc6 Nxc6 24. Kf2 Bc5+ 25. Kf3 Rd3+ 0-1

[Event "Early-Titled-Tuesday-Blitz-February-20-2024"]
[Site "Chess.com"]
[Date "2024.02.20"]
[Round "3"]
[White "fabianvivasz"]
[Black "Casablanca"]
[Result "0-1"]
[WhiteElo "2377"]
[BlackElo "2609"]
[TimeControl "180+1"]
[EndTime "8:27:51 PST"]
[Termination "Casablanca won by checkmate"]

1. e4 c5 2. Nf3 d6 3. d4 cxd4 4. Nxd4 Nf6 5. Nc3 g6 6. Be3 Bg7 7. f3 O-O 8. Qd2 Nc6 9. O-O-O d5 10. Nxc6 bxc6 11. Bc4 e6 12. Bb3 Qa5 13. Kb1 Qc7 14.
h4 h5 15. g4 hxg4 16. h5 Rd8 17. h6 Bf8 18. h7+ Kh8 19. exd5 cxd5 20. Bg5 Bg7 21. fxg4 d4 22. Nb5 Qe5 23. Rdf1 Ba6 24. a4 Ne4 25. Qe1 Nxg5 26. Qh4 Bxb5 27. axb5 d3 28.
cxd3 Qxb2# 0-1

[Event "Early-Titled-Tuesday-Blitz-February-20-2024"]
[Site "Chess.com"]
[Date "2024.02.20"]
[Round "3"]
[White "arenal72"]
[Black "maciek_92"]
[Result "0-1"]
[WhiteElo "2571"]
[BlackElo "2809"]
[TimeControl "180+1"]
[EndTime "8:27:52 PST"]
[Termination "maciek_92 won by resignation"]

1. Nf3 d5 2. g3 Bg4 3. Bg2 Nd7 4. d4 Ngf6 5. O-O c5 6. dxc5 e6 7. b4 a5 8. c3 Be7 9. Nbd2 O-O 10. a3 Qc8 11.
Bb2 b6 12. cxb6 Nxb6 13. Ne5 Bh5 14. c4 axb4 15. axb4 Rxa1 16. Bxa1 Bxb4 17. cxd5 Nbxd5 18. Ne4 Rd8 19. Nxf6+ Nxf6 20. Nd3 Be7 21. Qd2 Bg6 22. Qe3 Nd5 23. Qc1 Qa6 24. Ne5 Rc8 25. Qb2 Nc3 26. Qxc3 Rxc3 27. Bxc3 Qxe2 28. Ra1 Be4 29. Bf1 Qc2 30. Bd4 f6 31. Nc4 e5 32.
Ne3 Qc6 33. Ra7 exd4 34. Rxe7 dxe3 35. fxe3 h5 36. h4 f5 37. Re5 Qd6 38. Bc4+ Kh7 39. Re8 Qxg3+ 40. Kf1 Qf3+ 41. Ke1 Qxe3+ 42. Kd1 Bf3+ 43. Kc2 Qxe8 0-1